 Dungeon Crawl Stone Soup version 0.27.1-37-g7b29ead8ac (console) character file.

Game seed: 16838745588661472294

319 grimtooth the Skirmisher (level 6, -1/100 HPs)
             Began as an Ogre Berserker on Nov 7, 2023.
             Was a Believer of Trog.
             Slain by Dowan (7 damage)
             ... on level 4 of the Dungeon.
             The game lasted 00:12:01 (5190 turns).

grimtooth the Skirmisher (Ogre Berserker)           Turns: 5190, Time: 00:12:03

Health: -1/100     AC:  3    Str: 23    XL:     6   Next: 45%
Magic:  6/6        EV: 10    Int:  8    God:    Trog [**....]
Gold:   87         SH:  0    Dex:  9    Spells: 5/5 levels left

rFire    . . .     SeeInvis .   a - +0 mace
rCold    + . .     Faith    .   (no shield)
rNeg     . . .     Spirit   .   b - +0 animal skin
rPois    .         Reflect  .   (helmet restricted)
rElec    .         Harm     .   (no cloak)
rCorr    .         Rampage  .   (gloves unavailable)
Will     .....                  (boots unavailable)
Stlth    ..........             i - amulet of the acrobat
HPRegen  0.26/turn              e - ring of flight
MPRegen  0.10/turn              k - ring of protection from cold

@: berserking, flying, very quick
A: large, unfitting armour, tough skin 1
a: Renounce Religion, Berserk, Trog's Hand


You were on level 4 of the Dungeon.
You worshipped Trog.
Trog was pleased with you.
You visited 1 branch of the dungeon, and saw 5 of its levels.

You collected 227 gold pieces.
You spent 140 gold pieces at shops.

Inventory:

Hand Weapons
 a - a +0 mace (weapon)
Missiles
 d - 24 stones
 g - 9 poisoned darts (quivered)
 h - 5 boomerangs
Armour
 b - a +0 animal skin (worn)
Jewellery
 e - a ring of flight (left hand)
 i - an amulet of the acrobat (around neck)
 k - a ring of protection from cold (right hand)
Scrolls
 f - a scroll of immolation
 j - 3 scrolls of teleportation
 m - 6 scrolls of identify {@r4}
 n - a scroll of fog
 o - a scroll of enchant weapon {unknown}
Potions
 c - 2 potions of attraction
 l - a potion of mutation


   Skills:
 + Level 6.2 Fighting
 * Level 5.4 Maces & Flails
 - Level 2.6 Dodging


You had 5 spell levels left.
You didn't know any spells.
Your spell library was empty.

Dungeon Overview and Level Annotations

Branches:
Dungeon (5/15)
 Temple: D:4-7

Altars:
Fedhas
Kikubaaqudgha

Shops:
D:1 ?   D:3 !

Annotations:
D:3 1 runed translucent door, Crazy Yiuf
D:4 Dowan


Innate Abilities, Weirdness & Mutations

You are too large for most types of armour.
You have tough skin. (AC +1)


Message History

Here: Dowan, wielding a +0 dagger and wearing a +0 robe (heavily wounded) Item here: a poisoned dart.
The floor.
You closely miss Duvessa.
Duvessa is lightly wounded.
Your skin stops crawling.
You feel less strong-willed. Duvessa hits you with a +0 rapier.
Okay, then.
Press: ? - help, v - describe, . - travel A stone staircase leading up.
You closely miss Duvessa.
Duvessa is lightly wounded.
Duvessa hits you with a +0 rapier. Duvessa hits you with a +0 rapier!
A red film seems to cover your vision as you go berserk!
You feel yourself moving faster!
You feel mighty! Duvessa hits you with a +0 rapier!
You bludgeon Duvessa!!
Duvessa is heavily wounded.
Duvessa hits you with a +0 rapier!
* * * LOW HITPOINT WARNING * * *
Dowan hits you with a +0 dagger.
* * * LOW HITPOINT WARNING * * *
Duvessa hits you with a +0 rapier!
* * * LOW HITPOINT WARNING * * *
You barely miss Duvessa.
Duvessa is severely wounded.
Dowan hits you with a +0 dagger.
* * * LOW HITPOINT WARNING * * *
Duvessa hits you with a +0 rapier.
* * * LOW HITPOINT WARNING * * *
You sock Duvessa!
Duvessa is almost dead.
Duvessa barely misses you. Dowan barely misses you.
You sock Duvessa!
You kill Duvessa!
Trog accepts your kill.
Dowan screams, "No!
No!"
Dowan seems to find hidden reserves of power!
Dowan hits you with a +0 dagger!
You die...

##..##..## ##
#######...#..## ##
##......###...# .##
#....####
##..######### ..##
##..###
#....#.....## ...##
#...# #...........#
....# #...#
#..)........# ##..#
##..##
##...........# #####
##..##
####....#########
#...###......##
##.....@.....#
##......)e....##
##..###...(.....#
##..## ##...(##..##
# # ##..##
#....(##..## #####
######..##
##.....(#...####....
.).>...##
#..##...<..((...(...
###....#
#.>####.......e.....
###### #..#
##....e..###.. #..##
##...#### ### ##..#
#####


You could see Dowan (fast).

Vanquished Creatures
  Duvessa (D:4)
  A black bear (D:4)
  A hound (D:3)
  Natasha (thrice) (D:4)
  A hound skeleton (D:4)
  2 adders
  An adder skeleton (D:4)
  5 worms
  3 dart slugs
  An orc (D:4)
  8 endoplasms
  4 goblins
  8 hobgoblins
  3 jackals (D:2)
  6 kobolds
  A quokka (D:1)
  8 ball pythons
  5 bats
  2 frilled lizards (D:2)
  10 rats
74 creatures vanquished.

Vanquished Creatures (others)
  4 demonic plants (D:1)
  A plant (D:1)
  A withered plant (D:1)
6 creatures vanquished.

Grand Total: 80 creatures vanquished

Notes
Turn   | Place    | Note
-------+----------+-------------------------------------------
     0 | D:1      | grimtooth the Ogre Berserker began the quest for the Orb.
     0 | D:1      | Reached XP level 1. HP: 24/24 MP: 1/1
   242 | D:1      | Reached XP level 2. HP: 28/32 MP: 2/2
   339 | D:1      | Found a faded altar of an unknown god.
   608 | D:1      | Found Zusewnef's Magic Scroll Shop.
   622 | D:1      | Bought a scroll of identify for 20 gold pieces
   905 | D:1      | Reached XP level 3. HP: 38/40 MP: 3/3
  1173 | D:2      | Reached ** piety under Trog
  1525 | D:2      | Found a blossoming altar of Fedhas.
  2033 | D:2      | Reached XP level 4. HP: 49/49 MP: 4/4
  2368 | D:3      | Found an ancient bone altar of Kikubaaqudgha.
  2479 | D:3      | Reached skill level 5 in Fighting
  2548 | D:3      | Found a runed translucent door.
  2549 | D:3      | Noticed Crazy Yiuf
  3052 | D:3      | Reached XP level 5. HP: 38/57 MP: 5/5
  3240 | D:3      | Found Pyrogg's Distillery.
  3500 | D:1      | Bought a scroll of identify for 20 gold pieces
  3500 | D:1      | Bought a scroll of identify for 20 gold pieces
  3500 | D:1      | Bought a scroll of identify for 20 gold pieces
  3500 | D:1      | Bought 3 scrolls of identify for 60 gold pieces
  4005 | D:4      | Noticed Natasha
  4012 | D:4      | Killed Natasha
  4106 | D:4      | Noticed a black bear
  4124 | D:4      | Killed a black bear
  4125 | D:4      | Reached skill level 6 in Fighting
  4125 | D:4      | Reached skill level 5 in Maces & Flails
  4125 | D:4      | Reached XP level 6. HP: 23/67 MP: 6/6
  4142 | D:4      | Noticed Natasha
  4164 | D:5      | Entered Level 5 of the Dungeon
  4343 | D:4      | Killed Natasha
  4602 | D:4      | Noticed Natasha
  4611 | D:4      | Killed Natasha
  4769 | D:4      | Noticed Duvessa
  4769 | D:4      | Noticed Dowan
  4791 | D:4      | HP: 1/100 [Duvessa (12)]
  5188 | D:4      | HP: 5/100 [Duvessa (6)]
  5190 | D:4      | Killed Duvessa
  5190 | D:4      | Slain by Dowan

Illustrated notes

Levels and vault maps discovered:
D:1:      lightli_molten_gateway, layout_basic, shapermc_ecumenical_altar_gd,
          serial_shops, nicolae_diamond_shop, minmay_quantized
D:2:      minmay_chambers_of_twos, layout_basic, basic_altar, dk_noncrumbling_3
D:3:      layout_loops_ring, nicolae_kikubaaqudgha_miasma_corner, serial_shops,
          shop_fountains, chequers_serial_rivers_micro_c,
          uniq_crazy_yiuf_cottage
D:4:      layout_layer_cave, uniq_natasha, uniq_duvessa
D:5:      layout_basic, uniq_edmund

Skill      XL: |  1  2  3  4  5 |
---------------+----------------+-----
Maces & Flails | 3 4 5 |  5.4
Fighting       | 5 6 |  6.2
Dodging        | |  2.6

Action                   |  1- 3 |  4- 6 || total
-------------------------+-------+-------++-------
Melee: Mace              |   126 |   134 ||   260
Throw: Stone             |    35 |    36 ||    71
       Dart              |     5 |    18 ||    23
Invok: Berserk           |       |     2 ||     2
       Trog's Hand       |       |     2 ||     2
  Use: Scroll            |     2 |     4 ||     6
       Potion            |       |     1 ||     1
Armor: Animal skin       |    29 |    39 ||    68
Dodge: Dodged            |    77 |    84 ||   161
